 Dungeon Sprint DCSS version 0.18-a0-1180-g64ccc1e (webtiles) character file.

900000 namelastname112 the Slayer (level 16, -71/164 HPs)
             Began as a Demonspawn Fighter on Jan 27, 2016.
             Annihilated by a meat berserker
             ... wielding a +9 battleaxe
              (83 damage)
             ... in the Dungeon (Sprint VIII: "Arena of Blood").
             The game lasted 00:00:25 (9 turns).

namelastname112 the Slayer (Demonspawn Fighter)        Turns: 9, Time: 00:00:25

Health: -71/164    AC: 15    Str: 18    XL:     16   Next: 57%
Magic:  16/16      EV: 10    Int: 10    God:
Gold:   0          SH:  0    Dex: 18    Spells: 0 memorised, 15 levels left

rFire  + . .     SeeInvis .     k - +∞ Axe of Woe
rCold  . . .     Gourm    .     a - +0 scale mail
rNeg   + . .     Faith    .     (shield currently unavailable)
rPois  .         Spirit   .     (helmet restricted)
rElec  .         Dismiss  .     (no cloak)
rCorr  .         Reflect  .     (no gloves)
SustAt .         Harm     .     (no boots)
MR     +....     NoTele   +     (no amulet)
Stlth  ..........               (no ring)
                                (no ring)

@: somewhat resistant to hostile enchantments, extremely unstealthy
A: antennae 2, yellow scales 2, fire resistance 1, negative energy resistance 1,
flame cloud immunity
a: no special abilities


You were in the Dungeon.
You were not hungry.

You visited 1 branch

Inventory:

Hand Weapons
 k - the +∞ Axe of Woe (weapon)
   (You found it in the Dungeon)
Armour
 a - a +0 scale mail (worn)
 b - a +0 shield
Scrolls
 j - a scroll of blinking
Potions
 c - a potion of might
 e - a potion of curing
 f - a potion of heal wounds
 g - a potion of haste
 h - 2 potions of magic
 i - a potion of berserk rage
Comestibles
 d - a bread ration


   Skills:
 + Level 26.0 Fighting
 + Level 6.6 Axes
 + Level 24.8 Armour
 + Level 24.0 Shields
 + Level 14.0 Unarmed Combat


You had 15 spell levels left.
You didn't know any spells.

Dungeon Overview and Level Annotations

Branches:
Dungeon (1/1)

Altars:
Makhleb


Innate Abilities, Weirdness & Mutations

You have a pair of antennae on your head.
You are mostly covered in yellow scales (AC +3).
Your flesh is heat resistant.
You resist negative energy.
You are immune to clouds of flame.


Message History

Your Fighting skill increases to level 25!
Your Armour skill increases to level 24!
Your Shields skill increases to level 23!
You have reached level 16!
You feel stronger.
You hit the bag of meat but do no damage.
You dissect the bag of meat like a pig carcass.
You kill the bag of meat!
Your Fighting skill increases to level 26!
Your Axes skill increases to level 6!
Your Shields skill increases to level 24!
Your Unarmed Combat skill increases to level 14!
You hear a shout! x5
The meat berserker appears out of thin air!
A meat berserker comes into view. It is wielding a +9 battleaxe.
You hear a shout! x3
The meat berserker barely misses you.
The meat berserker hits you with a +9 battleaxe!!!!
Ouch! That really hurt!
You die...

.. .. #. .# #..
..# .###..
..###.
......###......
....._.....
#..)O.# #_O@)_#
#.))..#
....._.....
....O.###......
.###.. ..###.
#.. ..# #. .#
.. o.


You could see 3 meat berserkers and a bag of meat (wandering).

Vanquished Creatures
  2 ogres (D)
  6 orcs (D)
8 creatures vanquished.

Notes
Turn   | Place    | Note
--------------------------------------------------------------
     0 | D        | namelastname112 the Demonspawn Fighter began the quest for the Orb.
     0 | D        | Reached XP level 1. HP: 18/18 MP: 1/1
     2 | D        | Noticed a bag of meat
     2 | D        | Noticed a bag of meat
     3 | D        | Noticed a bag of meat
     3 | D        | Noticed a bag of meat
     4 | D        | Noticed a bag of meat
     4 | D        | Noticed a meat berserker
     5 | D        | Noticed a bag of meat
     7 | D        | Killed a meat berserker
     7 | D        | Reached skill level 18 in Fighting
     7 | D        | Gained mutation: Your flesh is heat resistant. [demonic ancestry]
     7 | D        | Reached XP level 2. HP: 21/49 MP: 2/2
     7 | D        | Gained mutation: You have a pair of small antennae on your head. [demonic ancestry]
     7 | D        | Reached XP level 3. HP: 23/55 MP: 3/3
     7 | D        | Reached XP level 4. HP: 26/63 MP: 4/4
     7 | D        | Reached XP level 5. HP: 28/69 MP: 5/5
     7 | D        | Gained mutation: You are partially covered in yellow scales (AC +2). [demonic ancestry]
     7 | D        | Reached XP level 6. HP: 30/76 MP: 6/6
     7 | D        | Reached XP level 7. HP: 32/83 MP: 7/7
     7 | D        | Reached XP level 8. HP: 34/90 MP: 8/8
     7 | D        | Gained mutation: You have a pair of antennae on your head. [demonic ancestry]
     7 | D        | Reached XP level 9. HP: 36/96 MP: 9/9
     7 | D        | Reached XP level 10. HP: 39/104 MP: 10/10
     7 | D        | Gained mutation: You are immune to clouds of flame. [demonic ancestry]
     7 | D        | Reached XP level 11. HP: 41/110 MP: 11/11
     7 | D        | Gained mutation: You resist negative energy. [demonic ancestry]
     7 | D        | Reached XP level 12. HP: 43/117 MP: 12/12
     7 | D        | Gained mutation: You are mostly covered in yellow scales (AC +3). [demonic ancestry]
     7 | D        | Reached XP level 13. HP: 45/124 MP: 13/13
     8 | D        | Noticed a meat berserker
     8 | D        | Noticed a meat berserker
     8 | D        | Killed a bag of meat
     8 | D        | Reached skill level 19 in Fighting
     8 | D        | Reached skill level 1 in Axes
     8 | D        | Reached skill level 10 in Unarmed Combat
     8 | D        | Killed a bag of meat
     8 | D        | Reached skill level 21 in Fighting
     8 | D        | Reached XP level 14. HP: 47/138 MP: 14/14
     9 | D        | Noticed a meat berserker
     9 | D        | Killed a meat berserker
     9 | D        | Reached skill level 22 in Fighting
     9 | D        | Reached XP level 15. HP: 11/148 MP: 15/15
     9 | D        | Reached skill level 23 in Fighting
     9 | D        | Reached skill level 24 in Fighting
     9 | D        | Reached skill level 5 in Axes
     9 | D        | Reached skill level 25 in Fighting
     9 | D        | Reached XP level 16. HP: 11/162 MP: 16/16
     9 | D        | Reached skill level 26 in Fighting
     9 | D        | Annihilated by a meat berserker

Vault maps used:
D:        meatsprint

Action                   |  1- 3 |  4- 6 |  7- 9 | 10-12 | 13-15 | 16-18 || total
-------------------------+-------+-------+-------+-------+-------+-------++-------
Melee: Executioner's axe |     1 |       |       |       |     2 |       ||     3
